 Dungeon Crawl Stone Soup version 0.19.4-9-g45fd643 (webtiles) character file.

1096 Jerry the Slasher (level 7, 0/61 HPs)
             Began as a Demigod Gladiator on Feb 16, 2017.
             Slain by Eustachio
             ... wielding a +5 falchion of freezing
              (1 damage)
             ... on level 5 of the Dungeon.
             The game lasted 00:14:20 (4665 turns).

Jerry the Slasher (Demigod Gladiator)               Turns: 4665, Time: 00:14:21

Health: 0/61       AC:  9    Str: 20    XL:     7   Next: 84%
Magic:  9/9        EV: 11    Int: 12    God:
Gold:   178        SH:  0    Dex: 18    Spells: 0 memorised, 6 levels left

rFire  . . .     SeeInvis +     a - +0 long sword
rCold  . . .     Gourm    .     b - +0 scale mail (curse)
rNeg   . . .     Faith    .     (no shield)
rPois  +         Spirit   .     c - +0 helmet
rElec  .         Reflect  .     (no cloak)
rCorr  .         Harm     .     e - +0 pair of gloves
MR     .....                    (no boots)
Stlth  ..........               o - amulet of regeneration
                                A - ring of see invisible
                                r - ring of poison resistance

@: no status effects
A: high mp 1
a: no special abilities


You were on level 5 of the Dungeon.
You were not hungry.

You visited 1 branch of the dungeon, and saw 5 of its levels.

You collected 178 gold pieces.

Inventory:

Hand Weapons
 a - a +0 long sword (weapon)
Armour
 b - a cursed +0 scale mail (worn)
 c - a +0 helmet (worn)
 e - a +0 pair of gloves (worn)
Jewellery
 o - an amulet of regeneration (around neck)
 r - a ring of poison resistance (left hand)
 A - a ring of see invisible (right hand)
Wands
 t - a wand of polymorph (6/24)
Scrolls
 i - 2 scrolls of teleportation {unknown}
 j - a scroll of blinking {unknown}
 l - a scroll of identify
 p - 2 scrolls of remove curse {unknown}
 s - a scroll of immolation {unknown}
 u - a scroll of random uselessness {unknown}
 y - 5 scrolls of fog {unknown}
 C - 2 scrolls of amnesia {unknown}
Potions
 g - 4 potions of heal wounds
 m - 2 potions of cancellation
 n - a potion of beneficial mutation
 v - 2 potions of cure mutation
 w - 2 potions of curing {unknown}
 x - 2 potions of invisibility {unknown}
 z - a potion of flight {unknown}
 B - 3 potions of lignification {unknown}
Comestibles
 f - 5 bread rations
 h - 4 fruits
 q - 4 meat rations
 D - a chunk of flesh
 E - a royal jelly


   Skills:
 + Level 5.2 Fighting
 + Level 6.1 Long Blades
 - Level 1.7 Throwing
 + Level 4.4 Armour
 - Level 2.6 Dodging


You had 6 spell levels left.
You didn't know any spells.

Dungeon Overview and Level Annotations

Branches:
Dungeon (5/15)
 Temple: D:4-7

Annotations:
D:5 Eustachio


Innate Abilities, Weirdness & Mutations

You have an increased reservoir of magic. (+10% MP)


Message History

The river rat barely misses you.
You hit Eustachio.
Eustachio is severely wounded.
The bat barely misses you. The bat hits you but does no damage. x3
The bat closely misses you.
Eustachio casts a spell.
The iron imp shouts, "Go and return not, thou churlish unchin-snouted pumpion!"
The crimson imp hits you but does no damage.
The river rat closely misses you.
You hit Eustachio.
Eustachio is almost dead.
The bat hits you but does no damage. The bat closely misses you.
You riposte.
You hit the bat.
You kill the bat!
The bat's corpse disappears in a puff of smoke!
The bat misses you.
Eustachio hits you with a falchion of freezing.
* * * LOW HITPOINT WARNING * * *
Eustachio freezes you.
You die...

#.# #.(.................
#.# #..#########.#......
#.# #######''#######
#...##.##
≈≈≈≈≈≈≈..≈≈≈≈≈≈≈
###.##...
≈..............≈ #.#####
.8##8$...8##8.≈ #.# .
##...5## .≈ ###.#
##..r5## #...#
.8##8.b§@8##8.≈ #.###
.......)5@....≈##.###
......!$r..5.?≈#....#
......$$......≈##...# #
..............≈##^..# ##
.8##8....8##8.≈##...####.
.# ##....## #.≈#.......'.
#....# .≈#....####[
8....8 #....# ##


You could see Eustachio, 2 iron imps, a crimson imp, a river rat, a white imp, a
bat and a rat.

Vanquished Creatures
  Sigmund (D:5)
  A water moccasin (D:5)
  A phantom (D:4)
  The ghost of emsyzz the Shooter, an amateur CeHu (D:3)
  A crimson imp (D:5)
  3 orc priests (D:3)
  A jelly (D:5)
  A gnoll shaman (D:5)
  4 orc wizards
  Ijyb (D:2)
  A worker ant (D:4)
  A hound zombie (D:5)
  7 gnolls
  10 adders
  2 oozes
  3 adder skeletons (D:4)
  3 worms
  7 leopard geckos
  17 orcs
  2 ball pythons
  A giant cockroach (D:2)
  9 goblins
  13 hobgoblins
  10 jackals
  11 kobolds
  8 bats
  9 frilled lizards
  8 rats
137 creatures vanquished.

Notes
Turn   | Place    | Note
-------+----------+-------------------------------------------
     0 | D:1      | Jerry the Demigod Gladiator began the quest for the Orb.
     0 | D:1      | Reached XP level 1. HP: 17/17 MP: 3/3
   208 | D:1      | Reached XP level 2. HP: 22/24 MP: 4/4
   383 | D:1      | Reached skill level 3 in Long Blades
  1038 | D:2      | Reached XP level 3. HP: 29/29 MP: 5/5
  1093 | D:2      | Reached skill level 1 in Armour
  1233 | D:2      | Found a sacrificial altar of Ru.
  1361 | D:2      | Noticed Ijyb
  1382 | D:2      | Killed Ijyb
  1382 | D:2      | Reached XP level 4. HP: 34/37 MP: 6/6
  1523 | D:2      | Found a snail-covered altar of Cheibriados.
  1630 | D:2      | Reached skill level 4 in Long Blades
  1908 | D:3      | Reached XP level 5. HP: 45/45 MP: 7/7
  2015 | D:3      | Noticed emsyzz's ghost (amateur CeHu)
  2124 | D:3      | Killed emsyzz's ghost
  2157 | D:3      | Reached XP level 6. HP: 50/51 MP: 8/8
  2351 | D:3      | HP: 2/51 [orc wizard/magic dart (5)]
  2852 | D:4      | Reached skill level 5 in Long Blades
  3523 | D:4      | Reached XP level 7. HP: 57/59 MP: 9/9
  3904 | D:5      | Entered Level 5 of the Dungeon
  4011 | D:5      | Found a hide-covered altar of Uskayaw.
  4011 | D:5      | Found a shadowy altar of Dithmenos.
  4349 | D:5      | Noticed Sigmund
  4380 | D:5      | Killed Sigmund
  4380 | D:5      | Reached skill level 5 in Fighting
  4407 | D:5      | Reached skill level 6 in Long Blades
  4639 | D:5      | Noticed Eustachio
  4665 | D:5      | HP: 1/61 [Eustachio/falchion of freezing (6)]
  4665 | D:5      | Slain by Eustachio

Skill      XL: |  1  2  3  4  5  6  7 |
---------------+----------------------+-----
Fighting       | 2 3 4 5 |  5.2
Long Blades    | 3 4 5 6 |  6.1
Armour         | 1 2 3 4 |  4.4
Throwing       | |  1.7
Dodging        | |  2.6

Action                   |  1- 3 |  4- 6 |  7- 9 || total
-------------------------+-------+-------+-------++-------
Melee: Long sword        |   113 |   269 |   121 ||   503
Throw: Throwing net      |       |       |     4 ||     4
  Use: Potion            |       |     3 |       ||     3
       Scroll            |       |       |     4 ||     4
 Stab: Sleeping          |     1 |       |       ||     1
       Held in net/web   |       |       |     1 ||     1
  Eat: Chunk             |     2 |     7 |     4 ||    13
Armor: Leather armour    |    27 |       |       ||    27
       Ring mail         |     4 |    76 |       ||    80
       Scale mail        |       |    48 |    62 ||   110
Dodge: Dodged            |    80 |   169 |    74 ||   323
       Rpst.: Long sword |    29 |    45 |    27 ||   101
